 Dungeon Crawl Stone Soup version 0.22-a0-410-g97be04f (webtiles) character file.

48817 4thArraOfDagon the Thaumaturge (level 14, -15/85 HPs)
             Began as a Mummy Fire Elementalist on May 11, 2018.
             Was an Elder of Sif Muna.
             Hit by a large rock thrown by a cyclops (39 damage)
             ... on level 1 of the Orcish Mines.
             The game lasted 00:42:16 (13030 turns).

4thArraOfDagon the Thaumaturge (MuFE)              Turns: 13030, Time: 00:42:17

Health: -15/85     AC:  9    Str: 12    XL:     14   Next: 13%
Magic:  38/45      EV: 12    Int: 21    God:    Sif Muna [****..]
Gold:   775        SH:  0    Dex: 17    Spells: 20/38 levels left

rFire    + . .     SeeInvis .   B - staff of power {!a}
rCold    . . .     Gourm    .   (no shield)
rNeg     + + +     Faith    +   d - +2 robe {Archmagi}
rPois    ∞         Spirit   .   (no helmet)
rElec    .         Reflect  .   r - +0 cloak
rCorr    .         Harm     .   k - +0 pair of gloves
MR       ++...                  e - +2 pair of boots
Stlth    ++........             y - amulet of faith
HPRegen  0.24/turn              h - ring of fire
MPRegen  0.29/turn              n - ring of Orun {rPois rF+ MR+ Int+3 Dex+4}

@: divine energy
A: no food or potions, fire vulnerability, cold resistance 1, negative energy
resistance 3, torment resistance, unbreathing, in touch with death 1
a: Stop Divine Energy, Channel Magic, Forget Spell, Renounce Religion


You were on level 1 of the Orcish Mines.
You worshipped Sif Muna.
Sif Muna was greatly pleased with you.
You were not hungry.

You visited 3 branches of the dungeon, and saw 17 of its levels.
You also visited: Labyrinth.

You collected 775 gold pieces.

Inventory:

Hand Weapons
 b - a +0 dagger of venom
 o - a +3 dagger of venom
 F - the +7 eveningstar of Fuogham {vamp, rElec}
   (You took it off a minotaur in a labyrinth)

   It inflicts no extra harm, but heals its wielder when it wounds a living foe.
   It insulates you from electricity.
Missiles
 v - 13 tomahawks of dispersal (quivered)
Armour
 d - a +2 robe of the Archmagi (worn)
 e - a +2 pair of boots (worn)
 k - a +0 pair of gloves (worn)
 r - a +0 cloak (worn)
 u - a +0 robe of cold resistance
 A - a +0 troll leather armour
Magical Staves
 B - an uncursed staff of power (weapon) {!a}
 C - an uncursed staff of death
Jewellery
 f - an uncursed ring of protection from cold
 h - a ring of fire (left hand)
 n - the ring of Orun (right hand) {rPois rF+ MR+ Int+3 Dex+4}
   (You found it on level 5 of the Dungeon)

   [ring of protection from fire]

   It affects your intelligence (+3).
   It affects your dexterity (+4).
   It protects you from fire.
   It protects you from poison.
   It affects your resistance to hostile enchantments.
 y - an amulet of faith (around neck)
 G - an uncursed ring of fire
 H - an uncursed ring of flight
Wands
 j - a wand of paralysis (7)
 m - a wand of acid (12)
 s - a wand of flame (30)
 t - a wand of disintegration (15)
 z - a wand of iceblast (13)
 D - a wand of digging (9)
 E - a wand of scattershot (4)
 I - a wand of enslavement (10)
Scrolls
 c - 8 scrolls of identify
 g - 5 scrolls of teleportation
 i - 6 scrolls of remove curse
 l - a scroll of magic mapping
 p - a scroll of fog
 q - 5 scrolls of enchant armour
 w - 2 scrolls of immolation
 x - 2 scrolls of noise
 J - a scroll of amnesia
 L - a scroll of enchant weapon
Miscellaneous
 a - a lamp of fire (inert)


   Skills:
 - Level 1.5 Dodging
 - Level 1.5 Stealth
 + Level 12.5 Spellcasting
 * Level 12.3 Conjurations
 * Level 12.5 Fire Magic
 + Level 8.1 Invocations


You had 20 spell levels left.
You knew the following spells:

 Your Spells              Type           Power        Failure   Level  Hunger
a - Flame Tongue          Conj/Fire      #####        1%          1    N/A
b - Conjure Flame         Conj/Fire      #######.     1%          3    N/A
c - Sticky Flame          Conj/Fire      #######.     1%          4    N/A
d - Fireball              Conj/Fire      #######...   1%          5    N/A
e - Mephitic Cloud        Conj/Pois/Air  #####...     2%          3    N/A
f - Blink                 Tloc           N/A          8%          2    N/A

Dungeon Overview and Level Annotations

Branches:
Dungeon (15/15)            Temple (1/1) D:7            Lair (0/6) D:11
    Orc (1/2) D:12         Vaults (0/5) D:14         Depths (0/5) D:15

Altars:
Ashenzari
Cheibriados
Dithmenos
Elyvilon
Fedhas
Gozag
Hepliaklqana
Kikubaaqudgha
Makhleb
Nemelex Xobeh
Okawaru
Qazlal
Ru
Sif Muna
Trog
Uskayaw
Vehumet
Wu Jian
Xom
Yredelemnul
Zin
The Shining One

Shops:
D:3 *   D:13 %

Annotations:
D:8 Erica


Innate Abilities, Weirdness & Mutations

You do not eat or drink.
Your flesh is vulnerable to fire.
You are immune to poison.
Your flesh is cold resistant. (rC+)
You are immune to negative energy. (rN+++)
You are immune to unholy pain and torment.
You can survive without breathing.
You are in touch with the powers of death.


Message History

Aiming: Fireball (safe; 1% risk of failure)
Press: ? - help, Shift-Dir - straight line You feel a strong surge of power!
The fireball explodes!
The fireball engulfs the cyclops.
The cyclops is moderately wounded.
You feel less invigorated.
The cyclops throws a large rock.
The large rock hits you!!
* * * LOW HITPOINT WARNING * * *
Unknown command.
Unknown command.
Unknown command.
Casting: Fireball (safe; 1% risk of failure)
Confirm with . or Enter, or press ? or * to list all spells.
Aiming: Fireball (safe; 1% risk of failure)
Press: ? - help, Shift-Dir - straight line You feel a strong surge of power!
The fireball explodes!
The fireball engulfs the cyclops.
The cyclops is almost dead.
The cyclops throws a large rock.
The large rock hits you!!!
You die...

## #.##
..... .....
....#
#....#.
#####.[....#
#<.(@)))).C.
#####..)..P.
##..... ....
... .. .


You could see a cyclops.

Vanquished Creatures
  A minotaur (Lab)
  An ettin (Orc:1)
  An ogre mage (D:14)
  A rakshasa (D:12)
  3 hydras
  8 two-headed ogres
  2 centaur warriors (D:15)
  Nergalle (Orc:1)
  A skeletal warrior (D:14)
  An unseen horror (D:10)
  A wizard (D:15)
  A deep elf archer (D:14)
  An orc knight (D:15)
  22 ugly things
  5 deep elf magi (D:14)
  An orc sorcerer (D:15)
  A wolf spider (D:15)
  5 manticores
  A cyclops (D:15)
  A water nymph (shapeshifter) (D:15)
  A komodo dragon (D:15)
  The ghost of psellion the Slasher, a novice FoAK of Lugonu (D:4)
  A kobold demonologist (D:11)
  7 yaktaurs
  A redback zombie (D:15)
  4 trolls
  A meliai zombie (D:14)
  11 slime creatures
  9 hippogriffs
  A shadow (D:15)
  A wraith (D:13)
  6 yaks
  A vampire (D:13)
  2 wyverns (D:11)
  2 basilisks
  2 hungry ghosts
  6 vampire mosquitoes
  The ghost of Totori the Firebug, an amateur DrFE (D:3)
  3 acid dragons
  A swamp drake (D:11)
  3 ice beasts
  8 orc warriors
  6 sky beasts
  A wolf (Orc:1)
  An eye of draining (D:12)
  4 necrophages
  2 phantoms
  6 centaurs
  7 ogres
  A crocodile (D:11)
  5 big kobolds
  A gnoll sergeant (D:6)
  10 bullfrogs
  A water moccasin zombie (D:8)
  4 scorpions
  14 killer bees
  5 wights
  7 crimson imps
  A howler monkey (D:5)
  2 bullfrog zombies
  4 hounds
  4 centaur zombies
  A bullfrog skeleton (D:12)
  2 jellies
  17 orc priests
  Crazy Yiuf (D:2)
  6 centaur skeletons
  A quasit (D:9)
  4 iguanas
  17 orc wizards
  Natasha (thrice) (D:2)
  12 worker ants
  2 killer bee zombies
  3 hound skeletons
  A hound zombie (D:3)
  A mummy (D:8)
  A howler monkey zombie (D:8)
  2 worker ant zombies
  16 gnolls
  15 adders
  2 howler monkey skeletons
  4 shadow imps
  2 oozes
  3 worms
  A dart slug (D:2)
  6 leopard geckos
  68 orcs
  5 bats
  12 giant cockroaches
  8 goblins
  5 hobgoblins (D:2)
  15 jackals
  15 kobolds
  7 quokkas
  2 frilled lizards
  2 jackal skeletons
  10 rats
490 creatures vanquished.

Notes
Turn   | Place    | Note
-------+----------+-------------------------------------------
     0 | D:1      | 4thArraOfDagon the Mummy Fire Elementalist began the quest for the Orb.
     0 | D:1      | Reached XP level 1. HP: 13/13 MP: 4/4
    80 | D:1      | Reached skill level 1 in Conjurations
   228 | D:2      | Reached XP level 2. HP: 19/19 MP: 3/6
   313 | D:2      | Reached XP level 3. HP: 24/24 MP: 2/7
   318 | D:2      | Learned a level 3 spell: Conjure Flame
   628 | D:4      | Reached XP level 4. HP: 25/30 MP: 2/9
   636 | D:4      | Learned a level 4 spell: Sticky Flame
   770 | D:4      | Reached XP level 5. HP: 35/35 MP: 10/10
   780 | D:4      | Found a glowing golden altar of the Shining One.
   804 | D:5      | Entered Level 5 of the Dungeon
   983 | D:6      | Noticed a centaur
  1351 | D:5      | Noticed a sky beast
  1377 | D:5      | Killed a sky beast
  1377 | D:5      | Reached XP level 6. HP: 33/41 MP: 2/12
  1422 | D:7      | Noticed an orc warrior
  1575 | D:7      | Noticed a sky beast
  1576 | D:7      | Noticed a hippogriff
  1616 | D:8      | Noticed a hippogriff
  1683 | D:7      | Killed a hippogriff
  1683 | D:7      | Reached XP level 7. HP: 6/46 MP: 5/14
  1691 | D:7      | Found a stormy altar of Qazlal.
  1703 | D:7      | Found a staircase to the Ecumenical Temple.
  1739 | D:7      | Reached skill level 5 in Spellcasting
  1770 | D:7      | Reached skill level 5 in Fire Magic
  1795 | Temple   | Entered the Ecumenical Temple
  1958 | D:7      | :)
  1960 | D:7      | WASTED^2
  2158 | D:8      | Noticed a two-headed ogre
  2191 | D:8      | Killed a two-headed ogre
  2191 | D:8      | Reached skill level 5 in Conjurations
  2191 | D:8      | Reached XP level 8. HP: 50/52 MP: 1/17
  2206 | D:8      | Learned a level 5 spell: Fireball
  2238 | D:8      | :)
  2245 | D:8      | WASTED^3
  2434 | D:6      | Reached XP level 9. HP: 28/57 MP: 15/19
  2612 | D:6      | Found a sacrificial altar of Ru.
  2639 | D:6      | Found a blossoming altar of Fedhas.
  2692 | D:5      | Found a bloodstained altar of Trog.
  2695 | D:5      | Got a wavering glass ring
  2712 | D:5      | Identified the ring of Orun {rPois rF+ MR+ Int+3 Dex+4} (You found it on level 5 of the Dungeon)
  2980 | D:3      | Found Gozag's Platinum Reserve.
  2994 | D:3      | Found an opulent altar of Gozag.
  3047 | D:3      | Noticed Totori's ghost (amateur DrFE)
  3062 | D:3      | Killed Totori's ghost
  3709 | D:2      | Noticed Natasha
  3722 | D:2      | Killed Natasha
  3893 | D:2      | Noticed Natasha
  3911 | D:2      | Killed Natasha
  3996 | D:2      | Found a deep blue altar of Sif Muna.
  4016 | D:2      | You fall through a shaft!
  4042 | D:2      | Noticed Natasha
  4045 | D:2      | Killed Natasha
  4092 | D:2      | Became a worshipper of Sif Muna the Loreminder
  4419 | D:2      | Found a runed door.
  4554 | D:2      | Noticed Crazy Yiuf
  4559 | D:2      | Killed Crazy Yiuf
  4797 | D:4      | Noticed psellion's ghost (novice FoAK)
  4813 | D:4      | Killed psellion's ghost
  4813 | D:4      | Reached skill level 1 in Invocations
  5350 | D:5      | Reached * piety under Sif Muna
  5824 | D:6      | Found a shadowy altar of Dithmenos.
  5827 | D:6      | Found a glowing silver altar of Zin.
  5830 | D:6      | Found an iron altar of Okawaru.
  5842 | D:6      | Got a bloodstained mace
  5843 | D:6      | Identified the +9 mace of Pobluin {crush, Int-4 Dex+6} (You found it on level 6 of the Dungeon)
  6551 | D:8      | Reached XP level 10. HP: 63/63 MP: 8/22
  6565 | D:8      | Noticed Erica
  6860 | D:8      | Found a burning altar of Makhleb.
  7074 | D:9      | Reached ** piety under Sif Muna
  7343 | D:9      | Learned a level 3 spell: Mephitic Cloud
  7348 | D:9      | Learned a level 2 spell: Blink
  7465 | D:9      | Found a shimmering altar of Xom.
  7465 | D:9      | Found a radiant altar of Vehumet.
  7467 | D:9      | Noticed a two-headed ogre
  7471 | D:9      | Killed a two-headed ogre
  7673 | D:10     | Entered Level 10 of the Dungeon
  7708 | D:10     | Reached *** piety under Sif Muna
  7936 | D:10     | Noticed an unseen horror
  7939 | D:10     | Killed an unseen horror
  7950 | D:10     | Noticed a two-headed ogre
  7966 | D:10     | Killed a two-headed ogre
  7966 | D:10     | Reached XP level 11. HP: 68/68 MP: 0/24
  8394 | D:11     | Noticed a white ugly thing
  8399 | D:11     | Killed a white ugly thing
  8467 | D:11     | Found a labyrinth entrance.
  8471 | Lab      | Entered a labyrinth
  8689 | Lab      | Noticed a minotaur
  8731 | Lab      | Killed a minotaur
  8736 | Lab      | Got an iridescent eveningstar {vamp}
  8737 | Lab      | Identified the +7 eveningstar of Fuogham {vamp, rElec} (You took it off a minotaur in a labyrinth)
  8765 | Lab      | Identified the Grimoire of Boosts
  8858 | D:11     | Reached **** piety under Sif Muna
  8889 | D:11     | Found a staircase to the Lair.
  9046 | D:11     | Noticed a purple ugly thing
  9050 | D:11     | Killed a purple ugly thing
  9314 | D:11     | Reached skill level 10 in Fire Magic
  9357 | D:11     | Reached skill level 5 in Invocations
  9424 | D:11     | Reached skill level 10 in Spellcasting
  9493 | D:12     | Noticed a two-headed ogre
  9511 | D:12     | Killed a two-headed ogre
  9547 | D:12     | Noticed a two-headed ogre
  9552 | D:12     | Killed a two-headed ogre
  9552 | D:12     | Reached skill level 10 in Conjurations
  9557 | D:12     | Reached ***** piety under Sif Muna
  9621 | D:12     | Reached XP level 12. HP: 74/74 MP: 12/26
  9758 | D:12     | Received a gift from Sif Muna
  9766 | D:12     | Found a staircase to the Orcish Mines.
  9838 | D:12     | Noticed a rakshasa
  9844 | D:12     | Killed a rakshasa
 10226 | D:13     | Found a shimmering altar of Xom.
 10226 | D:13     | Found a shimmering altar of Xom.
 10305 | D:13     | Found a shimmering altar of Xom.
 10318 | D:13     | You fall through a shaft for 2 floors!
 10318 | D:15     | Entered Level 15 of the Dungeon
 10500 | D:14     | Noticed a six-headed hydra
 10504 | D:14     | Killed a six-headed hydra
 10836 | D:13     | Found Xot Woum's Food Shoppe.
 10948 | D:13     | Identified Sif Muna's Papyrus of Mutagenic Beguiling (Sif Muna gifted it to you on level 13 of the Dungeon)
 10948 | D:13     | Received a gift from Sif Muna
 11049 | D:14     | Noticed a two-headed ogre
 11050 | D:14     | Noticed a two-headed ogre
 11054 | D:14     | Killed a two-headed ogre
 11054 | D:14     | Gained mutation: You are in touch with the powers of death. [Mummy growth]
 11054 | D:14     | Reached XP level 13. HP: 77/79 MP: 28/28
 11216 | D:14     | Found a gate to the Vaults.
 12316 | D:15     | Reached XP level 14. HP: 85/85 MP: 21/30
 12322 | D:15     | Found a staircase to the Depths.
 13002 | Orc:1    | Entered Level 1 of the Orcish Mines
 13017 | Orc:1    | Noticed Nergalle
 13022 | Orc:1    | Killed Nergalle
 13030 | Orc:1    | Hit by a large rock thrown by a cyclops

Vault maps used:
D:1:      dpeg_arrival_radiant
D:2:      led_sif_pool, uniq_natasha, uniq_crazy_yiuf_cottage
D:3:      nicolae_gozag_zags_fifth_avenue
D:4:      kennysheep_mini, first_ration, hangedman_decor_push, minivault_1
D:5:      bloody_trog, chequers_big_river
D:6:      kennysheep_mini_moat, grunt_temple_overflow_diamond,
          lemuel_doored_altar
D:7:      lemuel_crystal_altar, minmay_temple_entry_grid,
          nicolae_ossuary_entry_false_entrances
D:8:      demons_altar, serial_undead, serial_undead_a, serial_undead_e,
          serial_undead_e, serial_undead_c, serial_undead_b, serial_undead_d,
          enter_bailey_3, hangedman_little_slice_of_home,
          minmay_unpleasant_kobolds, uniq_erica
D:9:      grunt_temple_overflow_open, kennysheep_generic_room_5
D:10:     minmay_misc_feat_rows
D:11:     erik_lair_dragon, lab_entry_generic
D:12:     hiddenorc2_lemuel
D:13:     serial_shops, shop, st_stairs_6, hangedman_decor_peaks_small,
          xom_redecorated
D:14:     hangedman_vaults_entry_quadrant_bands, roderic_lattice_a,
          minmay_misc_feat_four_crosses
D:15:     hangedman_depths_entry_try_elsewhere_first,
          hangedman_abyss_or_decor_stagger
Temple:   cyrus_temple_forest
Orc:1:    giant_chief_lemuel, uniq_fannar, uniq_snorg, uniq_nergalle
Lab:      nicolae_lab_dead_adventurers

Skill      XL: |  1  2  3  4  5  6  7  8  9 10 11 12 13 14 |
---------------+-------------------------------------------+-----
Conjurations   | 1 2 3 4 5 6 7 8 10 11 12 | 12.3
Spellcasting   | 3 4 6 8 9 10 11 12 | 12.5
Fire Magic     | 3 4 6 8 9 10 11 12 | 12.5
Invocations    | 2 4 5 6 7 8 |  8.1
Dodging        | |  1.5
Stealth        | |  1.5

Action                   |  1- 3 |  4- 6 |  7- 9 | 10-12 | 13-15 || total
-------------------------+-------+-------+-------+-------+-------++-------
Melee: Dagger            |    53 |    61 |   294 |    73 |       ||   481
       Unarmed           |     4 |       |       |       |       ||     4
       Staff             |       |       |       |    12 |    11 ||    23
       Eveningstar       |       |       |       |   180 |     5 ||   185
 Cast: Flame Tongue      |    15 |     6 |   130 |    36 |     5 ||   192
       Conjure Flame     |     1 |     4 |     9 |    28 |    12 ||    54
       Sticky Flame      |       |     6 |    25 |    50 |    20 ||   101
       Fireball          |       |       |     2 |   110 |    95 ||   207
       Mephitic Cloud    |       |       |       |     3 |       ||     3
Invok: Divine Energy     |       |       |     1 |       |       ||     1
       Channel Magic     |       |       |       |    12 |    12 ||    24
Evoke: Wand              |       |       |       |     2 |     9 ||    11
       Lamp of fire      |       |       |       |       |     1 ||     1
  Use: Scroll            |       |     5 |     8 |     6 |     2 ||    21
 Stab: Sleeping          |     4 |     1 |     6 |     1 |       ||    12
Armor: Robe              |    16 |    23 |    91 |    24 |     5 ||   159
       Troll leather arm |       |       |       |   107 |    14 ||   121
       Skin              |       |       |       |       |     1 ||     1
Dodge: Dodged            |    50 |    62 |   244 |   207 |    44 ||   607

Table legend:
 A = Spawn XP
 B = Non-spawn XP
 C = Spawn XP percentage of total XP
 D = Spawn monster count
 E = Non-spawn monster count
 F = Spawn count percentage of total count
 G = Total turns spent on level
                    A         B        C        D         E        F      G
               +---------+---------+-------+---------+---------+-------+---------
         Total |       0 |   69739 |   0.0 |       0 |     490 |   0.0 | 13030
               +---------+---------+-------+---------+---------+-------+---------
           D:1 |       0 |      27 |   0.0 |       0 |      15 |   0.0 |   473
           D:2 |       0 |     318 |   0.0 |       0 |      43 |   0.0 |   820
           D:3 |       0 |     346 |   0.0 |       0 |      22 |   0.0 |   963
           D:4 |       0 |     742 |   0.0 |       0 |      25 |   0.0 |   937
           D:5 |       0 |     764 |   0.0 |       0 |      21 |   0.0 |   979
           D:6 |       0 |     522 |   0.0 |       0 |      21 |   0.0 |  1042
           D:7 |       0 |    1176 |   0.0 |       0 |      23 |   0.0 |   939
           D:8 |       0 |    2482 |   0.0 |       0 |      33 |   0.0 |   721
           D:9 |       0 |    2096 |   0.0 |       0 |      20 |   0.0 |   718
          D:10 |       0 |    3795 |   0.0 |       0 |      22 |   0.0 |   721
          D:11 |       0 |    5011 |   0.0 |       0 |      43 |   0.0 |   761
          D:12 |       0 |    6897 |   0.0 |       0 |      77 |   0.0 |   731
          D:13 |       0 |    3778 |   0.0 |       0 |      20 |   0.0 |   564
          D:14 |       0 |   14679 |   0.0 |       0 |      38 |   0.0 |   853
          D:15 |       0 |   23498 |   0.0 |       0 |      53 |   0.0 |  1375
         Orc:1 |       0 |    2385 |   0.0 |       0 |      13 |   0.0 |    28
           Lab |       0 |    1223 |   0.0 |       0 |       1 |   0.0 |   324
               +---------+---------+-------+---------+---------+-------+---------
